 Dungeon Crawl Stone Soup version 0.29.1-15-g9cfb28693d (webtiles) character file.

Game seed: 7608646561136886417

791 BuddhaDhamma the Cleaver (level 7, -6/57 HPs)
             Began as a Minotaur Berserker on Mar 9, 2023.
             Was a Priest of Trog.
             Mangled by an orc warrior
             ... wielding a +0 battleaxe
              (17 damage)
             ... on level 6 of the Dungeon.
             The game lasted 00:09:17 (4008 turns).

BuddhaDhamma the Cleaver (Minotaur Berserker)       Turns: 4008, Time: 00:09:18

Health: -6/57      AC:  9    Str: 30    XL:     7   Next: 57%
Magic:  6/6        EV: 11    Int:  4    God:    Trog [***...]
Gold:   166        SH:  5    Dex:  9    Spells: 6/6 levels left

rFire   . . .      SeeInvis .   a - +1 hand axe (flame)
rCold   + . .      Faith    .   (no shield)
rNeg    . . .      Spirit   .   j - +2 ring mail {rC+}
rPois   +          Reflect  +   (helmet restricted)
rElec   .          Harm     .   p - +0 cloak
rCorr   .          Rampage  .   (no gloves)
Will    .....                   t - +0 pair of boots
Stlth   ..........              i - amulet of reflection
HPRegen 0.19/turn               b - ring of poison resistance
MPRegen 0.10/turn               s - +6 ring of strength

@: no status effects
A: horns 2, retaliatory headbutt
a: Renounce Religion, Berserk, Trog's Hand


You were on level 6 of the Dungeon.
You worshipped Trog.
Trog was most pleased with you.
You visited 1 branch of the dungeon, and saw 7 of its levels.
You also visited: Sewer.

You collected 166 gold pieces.

Inventory:

Hand Weapons
 a - a +1 hand axe of flaming (weapon)
Missiles
 u - 9 poisoned darts (quivered)
Armour
 j - a +2 ring mail of cold resistance (worn)
 p - a +0 cloak (worn)
 t - a +0 pair of boots (worn)
Jewellery
 b - a ring of poison resistance (left hand)
 g - a ring of ice
 i - an amulet of reflection (around neck)
 s - a +6 ring of strength (right hand)
Wands
 f - a wand of digging (2)
 v - a wand of charming (15)
Scrolls
 c - a scroll of fog
 o - a scroll of fear
 y - a scroll of torment {unknown}
 z - a scroll of identify
Potions
 d - 2 potions of curing {unknown}
 e - a potion of ambrosia
 h - a potion of might
 k - a potion of brilliance
 l - a potion of heal wounds {unknown}
 m - a potion of attraction {unknown}
 n - a potion of experience {unknown}
 q - a potion of resistance {unknown}
 r - a potion of magic {unknown}
 w - a potion of degeneration {unknown}
 x - a potion of cancellation {unknown}


   Skills:
 - Level 3.6 Fighting
 + Level 10.8 Axes
 - Level 2.4 Armour
 - Level 2.1 Dodging


You had 6 spell levels left.
You didn't know any spells.
Your spell library was empty.

Dungeon Overview and Level Annotations

Branches:
Dungeon (7/15)             Temple (0/1) D:5           Sewer (visited)

Altars:
Cheibriados
Elyvilon
Trog


Innate Abilities, Weirdness & Mutations

You have a pair of horns on your head.
You reflexively headbutt those who attack you in melee.


Message History

Trog accepts your kill.
You hit the orc wizard but do no damage.
You hit the orc warrior but do no damage.
You block the orc warrior's attack.
The orc wizard hits you with a +0 dagger.
The orc warrior hits you with a +0 battleaxe.
The orc wizard hits you with a +0 dagger.
Things that are here:
a +0 hand axe; an orc corpse
Found a stone staircase leading up.
You block the orc warrior's attack.
The orc warrior hits you but does no damage.
You block the orc wizard's attack.
You closely miss the orc warrior. You slash the orc wizard!
You burn the orc wizard. You closely miss the orc warrior.
You headbutt the orc warrior!
The orc warrior is moderately wounded.
You barely miss the orc wizard. You block the orc wizard's attack.
The orc warrior hits you with a +0 battleaxe!!
You barely miss the orc warrior. Your headbutt misses the orc warrior.
The orc warrior is moderately wounded.
You closely miss the orc wizard. The orc wizard casts a spell at you.
The puff of flame hits you!
The orc warrior hits you with a +0 battleaxe!
* * * LOW HITPOINT WARNING * * *
You hit the orc warrior. You burn the orc warrior.
The orc warrior is heavily wounded.
You hit the orc wizard. You burn the orc wizard. You hit the orc warrior.
You burn the orc warrior.
The orc warrior is severely wounded.
You barely miss the orc wizard.
The orc wizard gestures wildly while chanting.
The orc wizard flickers and vanishes!
Deactivating autopickup; reactivate with Ctrl-A.
You block the orc warrior's attack.
You closely miss the orc warrior.
The orc warrior is severely wounded.
You hit something but do no damage.
The orc warrior hits you with a +0 battleaxe!
You die...

##.## #...# .....
##...## #... #.....# ...
#.....# ..# #...### #.#
#).####### ..#######.#
#.........
<......@o.####..#######
........{.......########
#############...........
############


You could see an orc warrior.

Vanquished Creatures
  A centaur (D:5)
  A phantom (D:5)
  3 scorpions
  A hound (D:5)
  An orc priest (D:6)
  5 jellies
  2 iguanas
  3 gnolls (D:3)
  6 adders
  2 river rats (Sewer)
  A white imp (D:5)
  2 worms (D:2)
  3 dart slugs
  An orc (D:4)
  15 endoplasms
  8 giant cockroaches
  9 goblins
  4 hobgoblins
  4 jackals (D:1)
  3 kobolds
  6 quokkas
  9 ball pythons
  5 bats
  3 frilled lizards (D:1)
  10 rats
108 creatures vanquished.

Vanquished Creatures (others)
  6 fungi (D:5)
6 creatures vanquished.

Grand Total: 114 creatures vanquished

Notes
Turn   | Place    | Note
-------+----------+-------------------------------------------
     0 | D:1      | BuddhaDhamma the Minotaur Berserker began the quest for the
                  | Orb.
     0 | D:1      | Reached XP level 1. HP: 19/19 MP: 0/0
    84 | D:1      | Reached skill level 4 in Axes
   107 | D:1      | Reached XP level 2. HP: 26/26 MP: 1/1
   360 | D:1      | Reached skill level 5 in Axes
   538 | D:1      | Reached XP level 3. HP: 31/31 MP: 2/2
   540 | D:1      | Reached ** piety under Trog
  1570 | D:3      | Found a snail-covered altar of Cheibriados.
  1644 | D:3      | Reached skill level 6 in Axes
  1644 | D:3      | Reached XP level 4. HP: 34/39 MP: 3/3
  1788 | D:3      | Found a glowing drain.
  1797 | Sewer    | Entered a sewer
  1905 | Sewer    | Reached skill level 7 in Axes
  1905 | Sewer    | Reached XP level 5. HP: 45/45 MP: 4/4
  1917 | Sewer    | Reached *** piety under Trog
  1964 | Sewer    | Found a viscous altar of Jiyva.
  2190 | Sewer    | Reached skill level 8 in Axes
  2291 | Sewer    | Reached XP level 6. HP: 51/51 MP: 5/5
  2556 | D:3      | Found a bloodstained altar of Trog.
  2556 | D:3      | Found a white marble altar of Elyvilon.
  3020 | D:4      | Reached skill level 9 in Axes
  3440 | D:5      | Entered Level 5 of the Dungeon
  3662 | D:5      | Reached XP level 7. HP: 47/57 MP: 6/6
  3760 | D:5      | Reached skill level 10 in Axes
  3760 | D:5      | Found a staircase to the Ecumenical Temple.
  3918 | D:5      | You fall into a shaft and drop 2 floors!
  4008 | D:6      | Mangled by an orc warrior

Illustrated notes

Levels and vault maps discovered:
D:1:      tarquinn_simple_flora_water_c, layout_basic
D:2:      layout_basic, st_stairs_6, nicolae_concentric_dashed_squares_mild
D:3:      layout_basic, cheibriados_altar_1, gammafunk_temple_overflow_statue,
          gup_sewer_entry_bubbles, grunt_decor_arrowhead
D:4:      layout_loops_cross
D:5:      layout_loops_corners, minmay_temple_entry_arrows, serial_aquarium,
          aquarium_bridge_square [aquarium_subvault_wall,
          aquarium_subvault_window, aquarium_subvault_wall,
          aquarium_subvault_bridge], aquarium_window_2,
          aquarium_window_corridor_2, aquarium_view_2e, uniq_sigmund
D:6:      layout_loops_ring, nicolae_ashenzari_panopticon
D:7:      cheibrodos_fertilizer, layout_basic, uniq_menkaure,
          uniq_crazy_yiuf_cottage

Skill      XL: |  1  2  3  4  5  6  7 |
---------------+----------------------+-----
Axes           | 4 5 6 7 8 9 10 | 10.8
Fighting       | |  3.6
Armour         | |  2.4
Dodging        | |  2.1

Action                   |  1- 3 |  4- 6 |  7- 9 || total
-------------------------+-------+-------+-------++-------
Melee: Hand axe          |    92 |   127 |    27 ||   246
       Headbutt          |    11 |    22 |     4 ||    37
       Punch             |     1 |     1 |       ||     2
Throw: Dart              |       |     3 |       ||     3
Invok: Berserk           |       |     1 |       ||     1
  Use: Scroll            |       |    10 |       ||    10
Armor: Animal skin       |     4 |       |       ||     4
       Ring mail         |    24 |    49 |     5 ||    78
Dodge: Dodged            |    47 |    66 |     7 ||   120
Block: Other             |       |       |    13 ||    13
